AoeStats
← 5coinz

Arabian Desert

510421723Analyzed
1v1 RM · 16h ago on Sep 30, 2026· 69m 54s· 2 players
Game mode
Random Map
Map size
Tiny (2 player)
Population
200
Speed
Normal
Resources
Standard
Victory
Conquest
Starting age
Dark Age
Ending age
Imperial Age
RankedLock teamsTeams togetherTeam positionsShared explorationLock speedFull tech treeHidden civsTurbo modeCheats
Victory
Defeat
🇧🇬 Bulgarians · Bulgaria
520
+13
🇺🇸 Celts · United States
452
-13
5coinz
10:27 Feudal Age
12:06 Double-Bit Axe
15:02 Bloodlines
16:34 Wheelbarrow
16:53 Horse Collar
20:10 Scale Mail Armor
21:39 Scale Barding Armor
24:20 Forging
27:03 Castle Age
25:01 Loom
27:59 Squires
28:49 Hand Cart
28:46 Bow Saw
28:38 Heavy Plow
28:32 Pikeman
31:09 Husbandry
30:31 Light Cavalry
34:34 Chain Mail Armor
34:39 Chain Barding Armor
34:55 Iron Casting
41:16 Murder Holes
41:47 Devotion
46:24 Imperial Age
46:59 Arson
54:00 Stirrups
61:10 Hussar
64:41 Blast Furnace
64:11 Plate Mail Armor
64:16 Plate Barding Armor
68:43 Plate Barding Armor
hubssha2
1:49 Loom
12:23 Feudal Age
21:26 Castle Age
21:36 Double-Bit Axe
21:40 Horse Collar
25:20 Pikeman
29:58 Wheelbarrow
29:32 Light Cavalry
32:49 Scale Barding Armor
32:45 Scale Mail Armor
32:56 Forging
35:08 Hand Cart
41:08 Imperial Age
45:56 Hussar
49:14 Bow Saw
49:42 Elite Skirmisher
55:16 Chain Barding Armor
55:13 Chain Mail Armor
55:34 Iron Casting
59:47 Plate Mail Armor
60:18 Blast Furnace
67:39 Halberdier
69:24 Crossbowman
Connection lost

Rejoining the realm…

Still unreachable

The connection could not be restored.

Session expired

The server has moved on; the page needs a fresh start.